 Dungeon Crawl Stone Soup version 0.20.1-1-g8b1a95d (webtiles) character file.

1570 Inarius the Scholar of Death (level 8, 0/63 HPs)
             Began as a Hill Orc Necromancer on July 3, 2017.
             Was a Follower of Kikubaaqudgha.
             Succumbed to a killer bee's poison
             ... on level 8 of the Dungeon.
             The game lasted 00:30:07 (7467 turns).

Inarius the Scholar of Death (Hill Orc Necromancer) Turns: 7467, Time: 00:30:08

Health: 0/63       AC:  7    Str: 11      XL:     8   Next: 90%
Magic:  15/15      EV: 16    Int: 17      God:    Kikubaaqudgha [*.....]
Gold:   279        SH:  0    Dex: 15 (16) Spells: 3/16 levels left

rFire    . . .     SeeInvis .   d - +4 mace
rCold    . . .     Gourm    .   (no shield)
rNeg     . . .     Faith    .   F - +0 ring mail
rPois    .         Spirit   .   (no helmet)
rElec    .         Reflect  .   h - +0 cloak
rCorr    .         Harm     .   u - +0 pair of gloves
MR       .....                  (no boots)
Stlth    ++........             (no amulet)
Regen    0.2/turn               (no ring)
MPRegen  0.2/turn               (no ring)

@: agile, lethally poisoned (0 -> -21)
A: no striking features
a: Receive Corpses, Renounce Religion


You were on level 8 of the Dungeon.
You worshipped Kikubaaqudgha.
Kikubaaqudgha was aware of your devotion.
You were hungry.

You visited 2 branches of the dungeon, and saw 9 of its levels.

You collected 279 gold pieces.

Inventory:

Hand Weapons
 d - a +4 mace (weapon)
 o - a +2 hand axe of freezing
 G - a +2 dagger of holy wrath
Armour
 e - a +0 leather armour
 h - a +0 cloak (worn)
 n - a +0 scale mail
 u - a +0 pair of gloves (worn)
 x - a +1 chain mail of poison resistance
 E - a +0 shield
 F - a +0 ring mail (worn)
Wands
 j - a wand of disintegration (17/24)
 s - a wand of flame (17/48)
Scrolls
 a - 7 scrolls of teleportation
 k - a scroll of immolation {unknown}
 m - 6 scrolls of remove curse
 p - a scroll of enchant armour
 q - 4 scrolls of blinking {unknown}
 y - a scroll of fog {unknown}
 A - 2 scrolls of enchant weapon {unknown}
 C - a scroll of amnesia {unknown}
Potions
 i - a potion of lignification
 r - a potion of magic
 t - 3 potions of mutation
 v - 2 potions of might
 w - a potion of degeneration {unknown}
 z - 3 potions of curing {unknown}
 D - a potion of flight {unknown}
Books
 b - a book of Necromancy

   Spells                             Type                      Level
   a - Pain                           Necromancy                   1
   b - Animate Skeleton               Necromancy                   1
   c - Vampiric Draining              Necromancy                   3
   d - Regeneration                   Charms/Necromancy            3
   e - Animate Dead                   Necromancy                   4
   f - Control Undead                 Necromancy                   4
 H - Kikubaaqudgha's Handbook of Sinister Rituals
   (Kikubaaqudgha gifted it to you on level 6 of the Dungeon)

   Spells                             Type                      Level
   a - Pain                           Necromancy                   1
   b - Corpse Rot                     Necromancy                   2
   c - Sublimation of Blood           Necromancy                   2
   d - Vampiric Draining              Necromancy                   3
   e - Control Undead                 Necromancy                   4
Comestibles
 c - 8 bread rations
 g - a royal jelly
 l - 3 meat rations


   Skills:
 + Level 3.1 Fighting
 - Level 3.1 Armour
 + Level 2.3 Dodging
 - Level 1.5 Stealth
 * Level 1.9 Shields
 + Level 4.9 Spellcasting
 + Level 1.2 Charms
 * Level 8.2 Necromancy


You had 3 spell levels left.
You knew the following spells:

 Your Spells              Type           Power        Failure   Level  Hunger
a - Pain                  Necr           ####         1%          1    None
b - Animate Skeleton      Necr           N/A          1%          1    None
c - Regeneration          Chrm/Necr      ###.......   14%         3    ###....
d - Animate Dead          Necr           N/A          11%         4    ####...
e - Control Undead        Necr           ####......   11%         4    ####...


Dungeon Overview and Level Annotations

Branches:
Dungeon (8/15)             Temple (1/1) D:6
   Lair: D:8-11

Altars:
Dithmenos
Hepliaklqana
Kikubaaqudgha
Nemelex Xobeh
Qazlal
Sif Muna
Uskayaw
The Shining One

Shops:
D:4 (

Annotations:
D:4 polve's ghost, amateur DrSk


Message History

The killer bee stings you. x2
* * * LOW HITPOINT WARNING * * *
You are more poisoned.
The killer bee poisons you!
You barely miss the killer bee.
The killer bee is lightly wounded.
* * * LOW HITPOINT WARNING * * *
You feel very sick. The killer bee stings you!
* * * LOW HITPOINT WARNING * * *
The killer bee stings you.
* * * LOW HITPOINT WARNING * * *
The killer bee misses you. The killer bee stings you.
* * * LOW HITPOINT WARNING * * *
The killer bee stings you but does no damage.
It was a potion of agility.
You feel agile all of a sudden.
Your surroundings suddenly seem different.
You die...
Kikubaaqudgha rasps: "You have failed me!
Welcome... death!" # ##.#####.#.# #.....@....# #..#####.### .. ##

There were no monsters in sight!

Vanquished Creatures
  2 ice beasts
  A sky beast (D:5)
  An ogre (D:6)
  The ghost of KleinerIrrer the Sneak, an amateur OpTm (D:5)
  3 bullfrogs
  3 scorpions
  2 crimson imps
  A hound (D:6)
  2 jellies (D:6)
  3 orc priests
  A centaur skeleton (D:6)
  Ijyb (D:3)
  3 iguanas
  5 orc wizards
  2 worker ants
  A hound skeleton (D:4)
  6 adders
  3 gnolls (D:6)
  2 oozes
  An adder skeleton (D:6)
  An adder zombie (D:6)
  2 worms (D:2)
  3 dart slugs
  2 leopard geckos
  21 orcs
  5 giant cockroaches
  6 goblins
  4 hobgoblins
  5 jackals (D:6)
  4 quokkas
  2 ball pythons
  10 bats
  3 frilled lizards (D:2)
  3 kobolds
  A leopard gecko skeleton (D:6)
  5 rats
121 creatures vanquished.

Vanquished Creatures (collateral kills)
  A phantom (D:7)
  A quasit (D:7)
  2 hounds (D:7)
  A worker ant (D:6)
  A worker ant zombie (D:7)
  A gnoll (D:6)
  A shadow imp (D:6)
  An ooze (D:6)
  2 orcs
  A bat (D:3)
  A goblin (D:1)
  2 hobgoblins (D:1)
  A ball python (D:1)
  A rat (D:1)
17 creatures vanquished.

Vanquished Creatures (others)
  An adder skeleton (D:6)
  A quokka (D:6)
2 creatures vanquished.

Grand Total: 140 creatures vanquished

Notes
Turn   | Place    | Note
-------+----------+-------------------------------------------
     0 | D:1      | Inarius the Hill Orc Necromancer began the quest for the Orb.
     0 | D:1      | Reached XP level 1. HP: 14/14 MP: 3/3
    14 | D:1      | Learned a level 1 spell: Animate Skeleton
   357 | D:1      | Reached XP level 2. HP: 20/22 MP: 0/4
   609 | D:1      | Reached skill level 1 in Fighting
   830 | D:1      | Reached XP level 3. HP: 28/28 MP: 3/5
  1475 | D:2      | Learned a level 3 spell: Regeneration
  1680 | D:2      | Reached XP level 4. HP: 35/35 MP: 7/7
  2101 | D:3      | Noticed Ijyb
  2111 | D:3      | Killed Ijyb
  2453 | D:3      | Reached XP level 5. HP: 40/41 MP: 5/8
  2730 | D:3      | Found a sparkling altar of Nemelex Xobeh.
  2970 | D:3      | Reached skill level 5 in Necromancy
  3044 | D:4      | Noticed polve's ghost (amateur DrSk)
  3130 | D:3      | Reached skill level 1 in Charms
  3431 | D:4      | Reached skill level 1 in Armour
  3431 | D:4      | Reached XP level 6. HP: 20/50 MP: 6/10
  3622 | D:4      | Found a stormy altar of Qazlal.
  3668 | D:4      | Learned a level 4 spell: Animate Dead
  3730 | D:5      | Entered Level 5 of the Dungeon
  3741 | D:5      | Found a glowing golden altar of the Shining One.
  3762 | D:5      | Noticed a sky beast
  3963 | D:4      | Found Tiloke's Weapon Shop.
  4202 | D:4      | Found a deep blue altar of Sif Muna.
  4438 | D:4      | Found a hazy altar of Hepliaklqana.
  4447 | D:4      | Found a hide-covered altar of Uskayaw.
  4654 | D:5      | Noticed KleinerIrrer's ghost (amateur OpTm)
  4666 | D:5      | Killed KleinerIrrer's ghost
  4701 | D:5      | Killed a sky beast
  4701 | D:5      | Reached skill level 6 in Necromancy
  4701 | D:5      | Reached XP level 7. HP: 51/56 MP: 5/12
  5459 | D:6      | Found an ancient bone altar of Kikubaaqudgha.
  5469 | D:6      | Became a worshipper of Kikubaaqudgha
  5489 | D:6      | Learned a level 4 spell: Control Undead
  5963 | D:6      | Reached skill level 7 in Necromancy
  5963 | D:6      | Reached XP level 8. HP: 59/62 MP: 7/14
  6124 | D:6      | Reached * piety under Kikubaaqudgha
  6124 | D:6      | Identified Kikubaaqudgha's Handbook of Sinister Rituals (Kikubaaqudgha gifted it to you on level 6 of the Dungeon)
  6124 | D:6      | Received a gift from Kikubaaqudgha
  6595 | D:6      | Found a staircase to the Ecumenical Temple.
  6604 | Temple   | Entered the Ecumenical Temple
  6897 | D:7      | Reached skill level 1 in Shields
  7116 | D:7      | Reached skill level 8 in Necromancy
  7466 | D:8      | HP: 2/63 [killer bee (2)]
  7467 | D:8      | Succumbed to a killer bee's poison

Skill      XL: |  1  2  3  4  5  6  7  8 |
---------------+-------------------------+-----
Fighting       | 1 2 3 |  3.1
Spellcasting   | 2 3 4 |  4.9
Necromancy     | 5 6 7 8 |  8.2
Charms         | 1 |  1.2
Armour         | 1 2 3 |  3.1
Dodging        | 2 |  2.3
Shields        | 1 |  1.9
Stealth        | |  1.5

Action                   |  1- 3 |  4- 6 |  7- 9 || total
-------------------------+-------+-------+-------++-------
Melee: Unarmed           |     7 |       |       ||     7
       Dagger            |    42 |       |    31 ||    73
       Hand axe          |    25 |   111 |   103 ||   239
       Mace              |       |       |    32 ||    32
 Cast: Pain              |    39 |    52 |    67 ||   158
       Animate Skeleton  |    13 |    17 |    10 ||    40
       Regeneration      |       |     4 |     6 ||    10
       Control Undead    |       |       |    10 ||    10
       Animate Dead      |       |       |     4 ||     4
  Use: Scroll            |     3 |       |     7 ||    10
       Potion            |       |     1 |     2 ||     3
  Eat: Chunk             |     4 |     8 |     8 ||    20
       Fruit             |       |     2 |       ||     2
       Bread ration      |       |       |     1 ||     1
Armor: Ring mail         |    27 |     7 |   102 ||   136
       Skin              |       |    29 |       ||    29
Dodge: Dodged            |    55 |    91 |   151 ||   297
